 Dungeon Crawl Stone Soup version 0.18.1-6-gd335043 (webtiles) character file.

558 Implojin the Insei (level 7, -6/56 HPs)
             Began as a Mummy Monk on May 20, 2016.
             Shot with an arrow by a centaur (8 damage)
             ... on level 7 of the Dungeon.
             The game lasted 00:14:16 (9344 turns).

Implojin the Insei (Mummy Monk)                     Turns: 9344, Time: 00:14:17

Health: -6/56      AC:  1    Str: 14    XL:     7   Next: 9%
Magic:  7/7        EV: 13    Int:  9    God:
Gold:   376        SH:  0    Dex: 17    Spells: 0 memorised, 6 levels left

rFire  x . .     SeeInvis .       - Unarmed
rCold  + . .     Gourm    .     (no armour)
rNeg   + + +     Faith    .     (no shield)
rPois  ∞         Spirit   .     (no helmet)
rElec  .         Dismiss  .     (no cloak)
rCorr  .         Reflect  .     j - +0 pair of gloves
SustAt .         Harm     .     (no boots)
MR     .....                    (no amulet)
Stlth  ++........               (no ring)
                                (no ring)

@: not resistant to hostile enchantments, unstealthy
A: no food or potions, fire vulnerability, cold resistance 1, negative energy
resistance 3, torment resistance, unbreathing
a: no special abilities


You were on level 7 of the Dungeon.
You were not hungry.

You visited 1 branch of the dungeon, and saw 7 of its levels.

You collected 376 gold pieces.

Inventory:

Armour
 j - a +0 pair of gloves (worn)
Jewellery
 c - an uncursed ring of flight
Scrolls
 a - 2 scrolls of magic mapping
 d - a scroll of identify
 g - 3 scrolls of remove curse
 i - a scroll of immolation
Potions
 h - a potion of resistance {unknown}
Books
 b - a book of Air

   Spells                             Type                      Level
   a - Shock                          Conjuration/Air              1
   b - Swiftness                      Charms/Air                   2
   c - Repel Missiles                 Charms/Air                   2
   d - Static Discharge               Conjuration/Air              3
   e - Lightning Bolt                 Conjuration/Air              5
Comestibles
 f - 5 bread rations (quivered)
 k - a royal jelly


   Skills:
 * Level 5.4 Fighting
 - Level 2.4 Dodging
 - Level 1.5 Stealth
 - Level 6.0 Unarmed Combat


You had 6 spell levels left.
You didn't know any spells.

Dungeon Overview and Level Annotations

Branches:
Dungeon (7/15)
 Temple: D:4-7

Altars:
Ashenzari
Elyvilon
Fedhas
Nemelex Xobeh
Pakellas
Xom
Zin

Annotations:
D:4 !ogre+sigmund care, Pikel, Sigmund


Innate Abilities, Weirdness & Mutations

You do not eat or drink.
Your flesh is vulnerable to fire.
You are immune to poison.
Your flesh is cold resistant.
You are immune to negative energy.
You are immune to unholy pain and torment.
You can survive without breathing.


Message History

You hit the orc wizard.
The orc wizard is severely wounded.
The orc closely misses you. The orc barely misses you.
Unknown command.
The orc wizard gestures at you while chanting.
The magic dart hits you!
* * * LOW HITPOINT WARNING * * *
The orc closely misses you. The orc hits you with a flail!
* * * LOW HITPOINT WARNING * * *
The orc wizard casts a spell.
The orc wizard seems to speed up.
The orc wizard gestures wildly while chanting.
The orc wizard blinks!
The orc wizard mumbles some strange words.
The orc wizard blinks!
The orc priest invokes the aid of Beogh against you.
Beogh smites you!
* * * LOW HITPOINT WARNING * * *
Read which item? (? for menu, Esc to quit)
Okay, then.
The orc wizard gestures wildly while chanting.
The orc wizard blinks!
The orc wizard barely misses you.
There is a stone staircase leading down here.
The orc wizard hits you with a dagger.
* * * LOW HITPOINT WARNING * * *
You climb downwards. 2 orcs and an orc warrior come into view.
There is a stone staircase leading up here.
Read which item? (? for menu, Esc to quit)
Okay, then.
The orc shouts!
The orc wizard barely misses you.
The orc wizard hits you but does no damage.
You open the door.
There is an open door here.
A centaur comes into view.
The centaur shouts!
The centaur wields a shortbow.
The centaur shoots an arrow.
The arrow hits you!
You die...

#.........#
+.........+
#.....<...#
##.......##
##.oo..##
##.oo##
##'## #.#
#@# #.# ...
.....
.#.....
.........
## #.c.....
##....###


You could see an orc warrior, a centaur, an orc wizard and 2 orcs.

Vanquished Creatures
  Grinder (D:5)
  A hound (D:4)
  An orc priest (D:3)
  A giant frog skeleton (D:4)
  A worker ant (D:4)
  An iguana (D:4)
  A hound skeleton (D:4)
  A worker ant zombie (D:5)
  6 adders
  5 gnolls
  An ooze (D:3)
  3 worms
  2 dart slugs
  3 giant geckos
  7 orcs
  2 ball pythons
  2 giant cockroaches
  10 hobgoblins
  11 jackals
  5 bats
  A giant newt (D:1)
  6 goblins
  10 kobolds
  6 rats (D:1)
88 creatures vanquished.

Notes
Turn   | Place    | Note
--------------------------------------------------------------
     0 | D:1      | Implojin the Mummy Monk began the quest for the Orb.
     0 | D:1      | Reached XP level 1. HP: 18/18 MP: 1/1
   324 | D:1      | Reached XP level 2. HP: 19/24 MP: 2/2
  1161 | D:1      | Reached skill level 4 in Unarmed Combat
  1314 | D:1      | Reached XP level 3. HP: 22/29 MP: 3/3
  1704 | D:2      | Found a white marble altar of Elyvilon.
  1753 | D:2      | Found a shattered altar of Ashenzari.
  2897 | D:2      | Found a faded altar to an unknown god.
  3347 | D:2      | Reached XP level 4. HP: 13/35 MP: 4/4
  4470 | D:3      | Reached skill level 5 in Unarmed Combat
  4789 | D:3      | Found an oddly glowing altar of Pakellas.
  4836 | D:3      | Noticed a centaur
  4855 | D:4      | Reached XP level 5. HP: 10/41 MP: 5/5
  5108 | D:4      | Noticed a slave
  5108 | D:4      | Noticed a slave
  5109 | D:4      | Noticed a slave
  5110 | D:4      | Noticed Pikel
  5111 | D:4      | Noticed a slave
  6884 | D:4      | Found a sparkling altar of Nemelex Xobeh.
  6905 | D:4      | Found a blossoming altar of Fedhas.
  6973 | D:4      | Reached skill level 6 in Unarmed Combat
  7133 | D:4      | Reached XP level 6. HP: 29/47 MP: 6/6
  7814 | D:4      | Noticed Sigmund
  7823 | D:5      | Entered Level 5 of the Dungeon
  7903 | D:5      | Noticed Grinder
  7915 | D:5      | Paralysed by Grinder for 6 turns
  7932 | D:5      | Paralysed by Grinder for 7 turns
  7978 | D:5      | Paralysed by Grinder for 4 turns
  7981 | D:5      | HP: 1/47 [Grinder (7)]
  7989 | D:5      | Killed Grinder
  7989 | D:5      | Reached skill level 5 in Fighting
  7989 | D:5      | Reached XP level 7. HP: 3/56 MP: 7/7
  8327 | D:5      | Found a glowing silver altar of Zin.
  8472 | D:5      | Noticed an angel
  8475 | D:5      | Found a shimmering altar of Xom.
  9333 | D:6      | HP: 2/56 [orc priest/divine providence (10)]
  9344 | D:7      | Shot with an arrow by a centaur

Skill      XL: |  1  2  3  4  5  6 |
---------------+-------------------+-----
Unarmed Combat | 4 5 6 |  6.0
Fighting       | 5 |  5.4
Dodging        | |  2.4
Stealth        | |  1.5

Action                   |  1- 3 |  4- 6 |  7- 9 || total
-------------------------+-------+-------+-------++-------
Melee: Unarmed           |   186 |   235 |    41 ||   462
       Punch             |     1 |     8 |     2 ||    11
  Use: Scroll            |       |     6 |       ||     6
 Stab: Sleeping          |     4 |     3 |       ||     7
Armor: Skin              |       |    18 |       ||    18
Dodge: Dodged            |   115 |   133 |    25 ||   273

Table legend:
 A = Turns spent in this place as a percentage of turns spent in the entire game.
 B = Non-inter-level travel turns spent in this place as a percentage of non-inter-level travel turns spent in the entire game.
 C = Inter-level travel turns spent in this place as a percentage of turns spent in this place.
 D = Turns resting spent in this place as a percentage of non-inter-level travel turns spent in this place.
 E = Turns spent auto-exploring this place as a percentage of non-inter-level travel turns spent in this place.
 F = Non-inter-level travel turns spent in this place divided by the number of levels of this place that you've seen.
                   A       B       C       D       E      F
               +-------+-------+-------+-------+-------+----------------------
         Total | 100.0 | 100.0 |   0.4 |   5.9 |   5.9 | 281.3
       Dungeon | 100.0 | 100.0 |   0.4 |   5.9 |   5.9 | 281.3
               +-------+-------+-------+-------+-------+----------------------

Table legend:
 A = Kills in this place as a percentage of kills in entire the game.
 B = Kills by you in this place as a percentage of kills by you in the entire game.
 C = Kills by friends in this place as a percentage of kills by friends in the entire game.
 D = Other kills in this place as a percentage of other kills in the entire game.
 E = Experience gained in this place as a percentage of experience gained in the entire game.
 F = Experience gained in this place divided by the number of levels of this place that you have seen.
                   A       B       C       D       E      F
               +-------+-------+-------+-------+-------+----------------------
         Total | 100.0 | 100.0 |  -nan |  -nan | 100.0 | 114.0
       Dungeon | 100.0 | 100.0 |  -nan |  -nan | 100.0 | 114.0
               +-------+-------+-------+-------+-------+----------------------
